 Dungeon Crawl Stone Soup version 0.30-a0-1082-g70414cbcbb (webtiles) character file.

Game seed: 17588322435172674759

28627 MackTheKnife the Thaumaturge (level 13, -2/96 HPs)
             Began as a Mummy Necromancer on Apr 14, 2023.
             Was an Elder of Qazlal.
             Slain by an ettin
             ... wielding a +0 dire flail
              (24 damage)
             ... on level 1 of the Orcish Mines on Apr 15, 2023.
             The game lasted 00:29:52 (17227 turns).

MackTheKnife the Thaumaturge (Mummy Necromancer)   Turns: 17227, Time: 00:29:53

Health: -2/96      AC: 14    Str: 17    XL:     13   Next: 10%
Magic:  37/40      EV: 27    Int: 21    God:    Qazlal [****..]
Gold:   832        SH:  5    Dex: 15    Spells: 17/41 levels left

rFire   x . .      SeeInvis .    y - +2 whip (drain) {mace}
rCold   + . .      Faith    +    (no shield)
rNeg    + + +      Spirit   .    A - +2 leather armour {rN+} rPois โˆž Reflect .
                                 D - +2 helmet of Dithmenos's Hope {Dex+4}
rElec   .          Rampage  .    k - +0 cloak
rCorr   .                        s - +0 pair of gloves
Will    +....                    u - +2 pair of boots {Fly}
Stlth   ++                       a - amulet of the acrobat
HPRegen 0.36/turn                m - ring "Huaxzam" {Fly Str+6 Int+2 Dex-2 Stlth+}
MPRegen 0.27/turn                w - ring of magical power

@: acrobatic, flying, repel missiles
A: cold resistance 1, negative energy resistance 3, torment resistance 2, heat
vulnerability 1, in touch with death 2, no potions, faith
a: Renounce Religion, Upheaval, Elemental Force


You were on level 1 of the Orcish Mines.
You worshipped Qazlal.
Qazlal was greatly pleased with you.
You visited 3 branches of the dungeon, and saw 14 of its levels.

You collected 989 gold pieces.
You spent 157 gold pieces at shops.


Innate Abilities, Weirdness & Mutations

You are immune to poison.
Your flesh is cold resistant. (rC+)
You are immune to negative energy. (rN+++)
You are immune to unholy pain and torment.
You are vulnerable to heat. (rF-)
You are strongly in touch with the powers of death.
You do not drink.
You have a special connection with the divine. (Faith)


   Skills:
 - Level 7.0 Fighting
 - Level 3.3 Armour
 - Level 2.2 Dodging
 - Level 1.5 Stealth
 + Level 14.8 Spellcasting
 - Level 4.7 Conjurations
 - Level 3.8 Hexes
 + Level 7.6 Necromancy
 - Level 6.7 Ice Magic
 - Level 4.2 Earth Magic
 - Level 9.1 Invocations


You had 17 spell levels left.
You knew the following spells:

 Your Spells              Type           Power      Damage    Failure   Level
a - Necrotise             Necr           100%       1d9       1%          1
b - Vampiric Draining     Necr           82%        2d11      1%          3
c - Animate Dead          Necr           82%        N/A       1%          4
d - Frozen Ramparts       Ice            86%        1d13      1%          3
e - Dispel Undead         Necr           82%        3d27      1%          4
f - Fulminant Prism       Conj/Hex       16%        3d10      9%          4
g - Borgnjor's Vile Clut  Necr/Erth      37%        N/A       11%         5

Your spell library contained the following spells:

 Spells                   Type           Power      Damage    Failure   Level
 Freeze                   Ice            100%       1d10      1%          1
 Kiss of Death            Conj/Necr      100%       2d13      1%          1
 Magic Dart               Conj           100%       1d8       1%          1
 Searing Ray              Conj           70%        2d7       1%          2
 Hailstorm                Conj/Ice       39%        3d9       1%          3
 Cigotuvi's Dreadful Rot  Necr/Pois/Air  100%       N/A       2%          2
 Static Discharge         Conj/Air       50%        2-5/arc   2%          2
 Confusing Touch          Hex            31%        N/A       3%          3
 Tukima's Dance           Hex            31%        N/A       3%          3
 Summon Small Mammal      Summ           60%        N/A       4%          1
 Agony                    Necr           82%        N/A       5%          5
 Summon Guardian Golem    Hex/Summ       23%        N/A       6%          3
 Call Canine Familiar     Summ           15%        N/A       14%         3
 Volatile Blastmotes      Fire/Tloc      30%        2d12      14%         3
 Iskenderun's Mystic Bla  Conj/Tloc      25%        2d7       19%         4
 Lee's Rapid Deconstruct  Erth           16%        3d10*     22%         5
 Death Channel            Necr           41%        N/A       30%         6
 Simulacrum               Ice/Necr       40%        N/A       36%         6
 Airstrike                Air            7%         2d(2-18)  43%         4
 Passage of Golubria      Tloc           15%        N/A       43%         4
 Summon Lightning Spire   Summ/Air       15%        N/A       43%         4
 Yara's Violent Unravell  Hex/Tmut       11%        3d6       52%         5
 Ozocubu's Refrigeration  Ice            21%        4d12      94%         7
 Polar Vortex             Ice            21%        N/A       100%        9

Inventory:

Hand Weapons
 y - a +2 whip of draining (weapon) {mace}
   (You took it off an orc on level 7 of the Dungeon)
 B - the +7 great sword "Liublej" {heavy, rF++ rN+++ Int-4 Dex-4, long}
   (You found it on level 10 of the Dungeon)

   Int:       It affects your intelligence (-4).
   Dex:       It affects your dexterity (-4).
   rF:        It greatly protects you from fire.
   rN:        It renders you almost immune to negative energy.
Armour
 i - a +0 ring mail of fire resistance
   (You found it on level 2 of the Dungeon)
 k - a +0 cloak (worn)
   (You found it on level 3 of the Dungeon)
 s - a +0 pair of gloves (worn)
   (You found it on level 1 of the Lair of Beasts)
 u - a +2 pair of boots of flying (worn)
   (You bought it in a shop on level 3 of the Dungeon)
 A - a +2 leather armour of positive energy (worn)
   (You found it on level 8 of the Dungeon)
 D - the +2 helmet of Dithmenos's Hope (worn) {Dex+4}
   (You found it on level 1 of the Lair of Beasts)

   Dex:       It affects your dexterity (+4).
Magical Staves
 z - a staff of cold {!astaff}
   (You found it on level 8 of the Dungeon)
Jewellery
 a - an amulet of the acrobat (around neck)
   (You found it on level 2 of the Dungeon)
 m - the ring "Huaxzam" (left hand) {Fly Str+6 Int+2 Dex-2 Stlth+}
   (You found it on level 3 of the Dungeon)

   [ring of strength]

   Str:       It affects your strength (+6).
   Int:       It affects your intelligence (+2).
   Dex:       It affects your dexterity (-2).
   Fly:       It grants you flight.
   Stlth:     It makes you more stealthy.
 r - a ring of see invisible
   (You found it on level 5 of the Dungeon)
 w - a ring of magical power (right hand)
   (You found it on level 6 of the Dungeon)
Wands
 c - a wand of flame (18)
   (You found it on level 7 of the Dungeon)
 q - a wand of iceblast (8)
   (You found it on level 4 of the Dungeon)
 t - a wand of mindburst (21)
   (You found it on level 8 of the Dungeon)
 v - a wand of paralysis (23)
   (You found it on level 6 of the Dungeon)
Scrolls
 b - 3 scrolls of enchant armour
 d - 4 scrolls of enchant weapon
 e - 3 scrolls of amnesia
 g - 3 scrolls of immolation {!r!r}
 h - 5 scrolls of vulnerability {!r!r}
 j - 2 scrolls of teleportation {@r4}
 l - a scroll of blinking {!r}
 n - 3 scrolls of magic mapping {!r}
 o - 4 scrolls of fear
 p - 2 scrolls of fog
 x - a scroll of silence {!r}
 E - a scroll of butterflies
Miscellaneous
 f - a lightning rod (4/4)
   (You found it on level 3 of the Lair of Beasts)
 C - a box of beasts
   (You found it on level 1 of the Lair of Beasts)

Dungeon Overview and Level Annotations

Branches:
Dungeon (10/15) Zot: 25696  Temple (0/1) D:6            Lair (3/5) D:8 Zot: 13632
 Shoals (0/4) Lair:3       Spider (0/4) Lair:3          Orc (1/2) D:9 Zot: 5865

Altars:
Ashenzari
Fedhas
Qazlal
Vehumet
Wu Jian
Xom

Shops:
D:3 [   D:5 [   D:9 (

Annotations:
D:4 Thantalas's ghost, novice DECj

....# ......
....##.....$
....#......
.......... .........
#oo....#.
#####.)......
##.##CO.ยง.....
#...@ยฐยง.......
##.##.....#..#
#...#........#
##.###..#.#...
##.#.#######.# ##
#.....# ## .. ##.#
##....#....#.
#...###...........
##.#..##.#....##.####


You could see an ettin (drained), an ogre, an orc priest (very drained) and an
orc wizard.


Message History

Your orc warrior zombie is engulfed in freezing vapours.
Your orc priest zombie is engulfed in a thunderstorm.
You destroy your orc priest zombie!
Your ogre zombie is engulfed in blazing flames.
Your ogre zombie is engulfed in blazing flames.
Your ogre zombie is engulfed in blazing flames.
You destroy your ogre zombie!
Your ogre zombie is engulfed in a thunderstorm.
Your ogre zombie is engulfed in a thunderstorm.
You destroy your ogre zombie!
Key pressed, stopping explore.
Your reaping aura is weakening.
Your reaping aura expires.
Your orc warrior zombie is engulfed in freezing vapours.
Your orc warrior zombie is engulfed in freezing vapours.
Your orc warrior zombie is engulfed in a thunderstorm.
You destroy your orc warrior zombie!
Key pressed, stopping explore.
You now have 674 gold pieces (gained 24).
You see here a +0 flail {mace}.
Key pressed, stopping explore.
You now have 683 gold pieces (gained 9).
You now have enough gold to buy the +0 mask of the Dragon {Will+ Slay+3 SInv} on D:5.
You can access your shopping list by pressing '$'.
You now have 703 gold pieces (gained 20). ๐Ÿ˜Ž HP[+18] MP[+6]
Your hp is fully restored (96).
Your mp is fully restored (40).
You now have 735 gold pieces (gained 32).
You now have 761 gold pieces (gained 26).
Key pressed, stopping explore.
You now have 789 gold pieces (gained 28).
Key pressed, stopping explore.
You now have 817 gold pieces (gained 28).
You now have 832 gold pieces (gained 15).
You hear a shout!
You hear two shouts!
You hear a shout! x2
An orc comes into view. It is wielding a +0 short sword.
An orc is nearby!
An orc is nearby!
An orc is nearby!
An ogre comes into view. It is wielding a +0 giant spiked club.
You block the orc's attack.
You closely miss the orc. You block the orc's attack.
An orc priest comes into view. It is wielding a +0 club.
You hit the orc. You drain the orc.
You kill the orc!
Qazlal accepts your kill.
The orc priest casts a cantrip, but nothing happens.
An ettin comes into view. It is wielding two +0 dire flails.
You hit the orc priest but do no damage.
You drain the orc priest.
The orc priest hits you but does no damage.
The ettin is engulfed in a thunderstorm.
You hit the orc priest. You drain the orc priest.
The orc priest closely misses you.
You barely miss the ettin.
The orc priest miscasts a cantrip.
The ettin hits you with a +0 dire flail!!
The ettin completely misses you. You block the ogre's attack.
You hit the ettin but do no damage. You drain the ettin.
The ettin hits you with a +0 dire flail.
The ettin barely misses you.
You are too injured to fight recklessly!
You are too injured to fight recklessly! ๐Ÿ˜ฎ HP[-27]
You take 27 damage, and now have 69/96 hp.
MASSIVE DAMAGE!! (PAUSE)
Casting: Borgnjor's Vile Clutch (dangerous; 11% risk of failure)
Confirm with . or Enter, or press ? or * to list all spells.
Casting: Frozen Ramparts (safe; 1% risk of failure)
Press: ? - help, Dir - look around, f - activate The walls around you are covered in ice.
The ogre hits you with a +0 giant spiked club!!
The wall freezes the orc priest but does no damage.
The orc priest mumbles some strange prayers to Beogh against you.
Beogh smites you!
* * * LOW HITPOINT WARNING * * *
The wall freezes the ettin but does no damage.
The ettin hits you with a +0 dire flail!
* * * LOW HITPOINT WARNING * * *
The ettin closely misses you.
You hear a shout! ๐Ÿ˜จ HP[-41] MP[-3]
You take 41 damage, and now have 28/96 hp.
MASSIVE DAMAGE!! (PAUSE)
You lost 3 mp, and now have 37/40 mp.
Your frozen ramparts will break if you move.
Continue?
The ettin attacks as you move away!
The ettin hits you with a +0 dire flail!
* * * LOW HITPOINT WARNING * * *
The ettin closely misses you.
The frozen ramparts melt away as you move. ๐Ÿ˜ฑ HP[-6]
You take 6 damage, and now have 22/96 hp.
Okay, then.
An orc wizard comes into view. It is wielding a +0 dagger.
The ettin attacks as you move away! The ettin completely misses you.
The ettin hits you with a +0 dire flail!!
You die...

Skill      XL: |  1  2  3  4  5  6  7  8  9 10 11 12 |
---------------+-------------------------------------+-----
Spellcasting   | 3 4 5 9 10 12 14 | 14.8
Necromancy     | 5 7 |  7.6
Fighting       | 2 3 6 7 |  7.0
Armour         | 1 2 3 |  3.3
Dodging        | 2 |  2.2
Ice Magic      | 5 6 |  6.7
Invocations    | 4 9 |  9.1
Hexes          | 3 |  3.8
Conjurations   | 2 4 |  4.7
Earth Magic    | 2 4 |  4.2
Stealth        | |  1.5

Action                     |  1- 3 |  4- 6 |  7- 9 | 10-12 | 13-15 || total
---------------------------+-------+-------+-------+-------+-------++-------
  Melee: Unarmed           |    17 |       |       |       |       ||    17
         Dagger            |    12 |    36 |    14 |       |       ||    62
         Club              |       |     8 |       |       |       ||     8
         Flail             |       |     4 |       |       |       ||     4
         Punch             |       |     1 |     3 |     3 |     1 ||     8
         Quarterstaff      |       |       |    69 |       |       ||    69
         Whip              |       |       |   196 |   141 |    24 ||   361
   Cast: Necrotise         |    57 |   120 |   170 |   153 |    20 ||   520
         Dispel Undead     |       |       |     6 |     4 |       ||    10
         Frozen Ramparts   |       |       |     2 |    33 |     2 ||    37
         Animate Dead      |       |       |     1 |    13 |     1 ||    15
         Fulminant Prism   |       |       |       |     6 |       ||     6
         Vampiric Draining |       |       |       |     2 |       ||     2
         Borgnjor's Vile C |       |       |       |     8 |     3 ||    11
 Invoke: Elemental Force   |       |       |       |     2 |       ||     2
         Disaster Area     |       |       |       |     3 |       ||     3
  Evoke: Wand              |       |       |     4 |    13 |       ||    17
         Box of beasts     |       |       |       |     1 |       ||     1
    Use: Scroll            |       |       |    10 |     4 |       ||    14
   Stab: Paralysed         |       |       |       |    11 |       ||    11
 Armour: Robe              |     8 |     4 |       |       |       ||    12
         Ring mail         |       |    76 |   226 |    46 |       ||   348
         Leather armour    |       |       |       |    74 |     6 ||    80
  Dodge: Dodged            |    26 |    99 |   300 |   229 |    14 ||   668
         Repelled          |       |       |     1 |     1 |       ||     2
  Block: Other             |       |     6 |   118 |    99 |    10 ||   233

Levels and vault maps discovered:
D:1:      psy_arrival_fountain, layout_rooms, kennysheep_boxes
D:2:      layout_basic, hellmonk_ecumenical_altar_watching_god, basic_altar,
          uniq_natasha, uniq_robin
D:3:      layout_loops_ring, cheibrodos_sewer_entry_bend, serial_shops,
          nicolae_shop_statue_plus, serial_co_window_serial, co_window_paths_a,
          co_window_paths_a, co_window_of_opportunity_a, co_window_paths_b,
          co_window_cross_1, co_window_corner_a, co_window_paths_a,
          co_window_of_opportunity_b, co_window_2corner, co_window_corner_b,
          co_window_4corner_a, co_window_sun, kennysheep_generic_room_14,
          uniq_sigmund
D:4:      layout_basic, gammafunk_ghost_mausoleum, serial_demonic,
          serial_demonic_f, serial_demonic_f, serial_demonic_e,
          serial_demonic_c, serial_demonic_g, serial_demonic_d,
          serial_demonic_e, serial_demonic_g, uniq_pikel
D:5:      layout_basic, fedhas_altar_fruit_tree, serial_glass, glass_columns_a,
          glass_columns_a, serial_shops, shop
D:6:      layout_cave_pods, old_standard_altar, nicolae_wu_jian_wuxing_cycle,
          minmay_temple_entry_fiery, uniq_grinder
D:7:      layout_rooms, corexii_item_surrounded_by_moat
D:8:      layout_rooms, lair_entry_dummy, minmay_misc_feat_encased
D:9:      layout_irregular_city, orc_david_3
D:10:     layout_grid_maze, cheibrodos_ashenzari_chains,
          mainiacjoe_overflow_boulevard
Lair:1:   layout_misc_corridors, grunt_megastairs_5
Lair:2:   layout_regular_city, serial_bayou_shore_b
Lair:3:   layout_regular_city, nicolae_shoals_entry_roost,
          hellmonk_spider_entry_life_and_decay, minivault_19
Orc:1:    layout_caves, trog_butcher_becter

Notes
Turn   | Place    | Note
-------+----------+-------------------------------------------
     0 | D:1      | MackTheKnife the Mummy Necromancer began the quest for the
                  | Orb.
     0 | D:1      | Reached XP level 1. HP: 13/13 MP: 4/4
     0 | D:1      | magus.rc [v1.9.6]
   137 | D:1      | Reached skill level 3 in Spellcasting
   296 | D:1      | Reached XP level 2. HP: 19/19 MP: 1/6
   985 | D:2      | Gained mutation: You are in touch with the powers of death.
                  | [Mummy growth]
   985 | D:2      | Reached XP level 3. HP: 19/24 MP: 0/8
  1280 | D:2      | Reached skill level 4 in Spellcasting
  1423 | D:2      | Reached XP level 4. HP: 30/30 MP: 5/10
  1519 | D:2      | Reached skill level 5 in Necromancy
  1523 | D:2      | Learned a level 3 spell: Vampiric Draining
  1690 | D:2      | Found a shimmering altar of Xom.
  1847 | D:2      | Noticed Robin
  1882 | D:2      | Noticed Natasha
  1895 | D:2      | Killed Natasha
  1902 | D:2      | Reached XP level 5. HP: 21/35 MP: 2/12
  1969 | D:1      | magus.rc [v1.9.6]
  2042 | D:2      | Killed Robin
  2043 | D:2      | Reached skill level 5 in Spellcasting
  2151 | D:2      | Noticed a great orb of eyes
  2157 | D:2      | Noticed an eye of devastation
  2159 | D:2      | Found a faded altar of an unknown god.
  2160 | D:2      | Noticed an eye of devastation
  2160 | D:2      | Noticed an eye of devastation
  2170 | D:2      | Prayed at the altar of an unknown god.
  2170 | D:2      | Became a worshipper of Qazlal Stormbringer
  2170 | D:2      | Reached * piety under Qazlal
  2388 | D:2      | Noticed Natasha
  2395 | D:2      | Killed Natasha
  2396 | D:2      | Reached skill level 1 in Fighting
  2610 | D:2      | Noticed Natasha
  2615 | D:2      | Killed Natasha
  2616 | D:2      | Reached skill level 1 in Armour
  2810 | D:3      | Reached ** piety under Qazlal
  3314 | D:3      | Noticed Sigmund
  3317 | D:3      | Reached skill level 2 in Fighting
  3317 | D:3      | Reached XP level 6. HP: 44/44 MP: 10/13
  3327 | D:3      | Killed Sigmund
  3328 | D:3      | Reached skill level 3 in Fighting
  3328 | D:3      | Reached skill level 2 in Armour
  3988 | D:3      | Found Jeawk's Antique Armour Boutique.
  4218 | D:3      | Identified the ring "Huaxzam" {Fly Str+6 Int+2 Dex-2
                  | Stlth+}
  4422 | D:4      | Reached XP level 7. HP: 52/52 MP: 9/14
  4508 | D:4      | Reached skill level 3 in Armour
  4629 | D:4      | Found a transporter.
  4630 | D:4      | Noticed Thantalas's ghost (novice DECj)
  4744 | D:4      | Reached skill level 4 in Fighting
  4744 | D:4      | Reached *** piety under Qazlal
  5008 | D:4      | Noticed Pikel
  5031 | D:4      | Killed Pikel
  5032 | D:4      | Reached skill level 6 in Fighting
  5032 | D:4      | Reached XP level 8. HP: 48/65 MP: 6/15
  5272 | D:4      | Found a transporter.
  5543 | D:5      | Entered Level 5 of the Dungeon
  5642 | D:5      | Reached skill level 6 in Spellcasting
  5673 | D:5      | Found a blossoming altar of Fedhas.
  5816 | D:5      | Reached skill level 7 in Spellcasting
  5984 | D:5      | Reached skill level 8 in Spellcasting
  6076 | D:5      | Found Plog's Antique Armour Boutique.
  6234 | D:3      | Bought a pair of embroidered boots for 157 gold pieces
  6650 | D:6      | Reached **** piety under Qazlal
  6678 | D:6      | Noticed Grinder
  6685 | D:6      | Paralysed by Grinder for 4 turns
  6695 | D:6      | Reached skill level 9 in Spellcasting
  6703 | D:6      | Paralysed by Grinder for 2 turns
  6705 | D:6      | Killed Grinder
  6706 | D:6      | Reached XP level 9. HP: 60/71 MP: 9/22
  6957 | D:6      | Reached skill level 10 in Spellcasting
  6962 | D:6      | Learned a level 4 spell: Animate Dead
  7088 | D:6      | Reached skill level 2 in Dodging
  7278 | D:6      | Found a stormy altar of Qazlal.
  7463 | D:6      | Reached skill level 7 in Fighting
  7474 | D:6      | Found an ornate altar of the Wu Jian Council.
  7555 | D:6      | You pick up a book of Touch and begin reading...
  7555 | D:6      | You add the spells Kiss of Death, Confusing Touch and
                  | Dispel Undead to your library.
  7653 | D:6      | Found a staircase to the Ecumenical Temple.
  7953 | D:7      | You pick up a book of Decay and begin reading...
  7953 | D:7      | You add the spells Cigotuvi's Dreadful Rot and Death
                  | Channel to your library.
  7964 | D:7      | You pick up a book of Frost and begin reading...
  7964 | D:7      | You add the spells Freeze, Frozen Ramparts and Hailstorm to
                  | your library.
  7967 | D:7      | You pick up a book of Storms and begin reading...
  7967 | D:7      | You add the spells Static Discharge, Airstrike and Summon
                  | Lightning Spire to your library.
  7972 | D:7      | Learned a level 3 spell: Frozen Ramparts
  8044 | D:7      | Reached skill level 1 in Ice Magic
  8228 | D:7      | You add the spells Tukima's Dance, Passage of Golubria and
                  | Yara's Violent Unravelling to your library.
  8613 | D:8      | Identified the +2 mace of Melee {antimagic, rPois Will+}
  8811 | D:9      | HP: 10/72 [wight/+3 morningstar (12)]
  9014 | D:9      | Reached skill level 2 in Ice Magic
  9176 | D:9      | Found Pull's Weapon Emporium.
  9180 | D:9      | Found a staircase to the Orcish Mines.
  9239 | D:9      | Reached skill level 3 in Ice Magic
  9439 | D:7      | magus.rc [v1.9.6]
  9451 | D:7      | Reached skill level 4 in Ice Magic
  9590 | D:7      | Learned a level 4 spell: Dispel Undead
  9775 | D:8      | Reached skill level 5 in Ice Magic
  9777 | D:8      | You pick up a book of Blasting and begin reading...
  9777 | D:8      | You add the spells Volatile Blastmotes, Fulminant Prism,
                  | Iskenderun's Mystic Blast and Lee's Rapid Deconstruction to
                  | your library.
  9783 | D:8      | Learned a level 4 spell: Fulminant Prism
  9783 | D:8      | Upgraded the game from 0.30-a0-1075-gcd70e7a56d to
                  | 0.30-a0-1082-g70414cbcbb
  9783 | D:8      | magus.rc [v1.9.6]
  9783 | D:8      | magus.rc [v1.9.6]
  9783 | D:8      | magus.rc [v1.9.6]
  9807 | D:8      | Reached skill level 1 in Invocations
  9856 | D:8      | Reached skill level 2 in Invocations
  9935 | D:8      | Found a staircase to the Lair.
 10043 | D:8      | Noticed a two-headed ogre
 10057 | D:8      | Killed a two-headed ogre
 10058 | D:8      | Reached skill level 4 in Invocations
 10058 | D:8      | Reached XP level 10. HP: 39/79 MP: 19/24
 10063 | D:8      | You pick up a book of Ice and begin reading...
 10063 | D:8      | You add the spells Simulacrum, Ozocubu's Refrigeration and
                  | Polar Vortex to your library.
 10685 | D:9      | Reached skill level 5 in Invocations
 10686 | D:9      | Reached ***** piety under Qazlal
 10863 | D:9      | Noticed a two-headed ogre
 10868 | D:9      | Killed a two-headed ogre
 10869 | D:9      | Reached skill level 6 in Invocations
 11055 | D:9      | Noticed a two-headed ogre
 11074 | D:9      | HP: 18/79 [two-headed ogre/+0 giant club (23)]
 11076 | D:9      | Killed a two-headed ogre
 11077 | D:9      | Reached skill level 7 in Invocations
 11442 | D:10     | Entered Level 10 of the Dungeon
 11623 | D:10     | Found a broken altar of Ashenzari.
 11749 | D:10     | You pick up a book of Conjurations {@e2} and begin
                  | reading...
 11749 | D:10     | You add the spells Magic Dart and Searing Ray to your
                  | library.
 11793 | D:10     | Found a radiant altar of Vehumet.
 12030 | D:10     | Reached skill level 8 in Invocations
 12280 | D:10     | Reached skill level 9 in Invocations
 12348 | D:10     | Identified the +7 great sword "Liublej" {heavy, rF++ rN+++
                  | Int-4 Dex-4}
 12492 | Lair:1   | Entered Level 1 of the Lair of Beasts
 12518 | Lair:1   | Reached XP level 11. HP: 80/84 MP: 20/25
 12711 | Lair:1   | Reached skill level 11 in Spellcasting
 12711 | Lair:1   | Reached skill level 6 in Ice Magic
 13153 | Lair:1   | Reached skill level 1 in Hexes
 13190 | Lair:1   | You pick up a book of Unlife and begin reading...
 13201 | Lair:1   | Learned a level 5 spell: Borgnjor's Vile Clutch
 13207 | Lair:1   | Reached skill level 1 in Conjurations
 13210 | Lair:1   | Reached skill level 12 in Spellcasting
 13428 | Lair:1   | Noticed a catoblepas
 13435 | Lair:1   | HP: 20/84 [catoblepas (23)]
 13440 | Lair:1   | HP: 17/84 [catoblepas/blast of calcifying dust (5)]
 13451 | Lair:1   | HP: 17/84 [catoblepas/blast of calcifying dust (3)]
 13456 | Lair:1   | HP: 2/84 [catoblepas (27)]
 13486 | Lair:1   | HP: 3/84 [something/blast of calcifying dust (9)]
 13735 | Lair:1   | Killed a catoblepas
 13736 | Lair:1   | Reached skill level 2 in Conjurations
 13736 | Lair:1   | Reached skill level 2 in Hexes
 13875 | Lair:1   | Reached skill level 1 in Earth Magic
 13913 | Lair:1   | Identified the +2 helmet of Dithmenos's Hope {Dex+4}
 14594 | Lair:2   | Reached skill level 3 in Hexes
 14596 | Lair:2   | Reached skill level 2 in Earth Magic
 14596 | Lair:2   | Reached XP level 12. HP: 65/91 MP: 25/28
 14607 | Lair:2   | Reached skill level 3 in Conjurations
 15085 | Lair:3   | Noticed a death yak
 15085 | Lair:3   | Noticed a death yak
 15085 | Lair:3   | Noticed a death yak
 15085 | Lair:3   | Noticed a death yak
 15087 | Lair:3   | Noticed a death yak
 15087 | Lair:3   | Noticed a death yak
 15126 | Lair:2   | Killed a death yak
 15171 | Lair:3   | Reached skill level 3 in Earth Magic
 15193 | Lair:3   | Reached skill level 13 in Spellcasting
 15336 | Lair:3   | Reached skill level 4 in Conjurations
 15503 | Lair:3   | Found a staircase to the Shoals.
 15514 | Lair:3   | Reached skill level 4 in Earth Magic
 15528 | Lair:3   | HP: 22/91 [harpy zombie[the player character] (2)]
 15986 | Lair:3   | Killed a death yak
 15987 | Lair:3   | Reached skill level 6 in Necromancy
 15987 | Lair:3   | Killed a death yak
 15988 | Lair:3   | Reached skill level 14 in Spellcasting
 15990 | Lair:3   | Killed a death yak
 15995 | Lair:3   | Killed a death yak
 15996 | Lair:3   | Reached skill level 7 in Necromancy
 16002 | Lair:3   | Gained mutation: You are strongly in touch with the powers
                  | of death. [Mummy growth]
 16002 | Lair:3   | Reached XP level 13. HP: 86/96 MP: 22/31
 16072 | Lair:3   | Found a hole to the Spider Nest.
 16130 | Lair:3   | You pick up a book of Callings and begin reading...
 16130 | Lair:3   | You add the spells Summon Small Mammal, Call Canine
                  | Familiar and Summon Guardian Golem to your library.
 16700 | Lair:3   | Identified the +0 ring mail of the Arcane {+Inv rCorr Dex+3
                  | Slay-3}
 17093 | Orc:1    | Entered Level 1 of the Orcish Mines
 17219 | Orc:1    | Noticed an ettin
 17225 | Orc:1    | HP: 21/96 [ettin/+0 dire flail (7)]
 17227 | Orc:1    | Slain by an ettin

Vanquished Creatures
  3 two-headed ogres
  4 death yaks
  2 skysharks (Lair:3)
  Pikel (D:4)
  3 harpies (Lair:3)
  A black mamba (Lair:1)
  7 cane toads
  3 death yak zombies (Lair:3)
  2 rime drakes
  4 komodo dragons
  A polar bear (Lair:2)
  A troll (D:10)
  A harpy zombie (Lair:3)
  9 blink frogs
  2 culicivora zombies (Lair:3)
  Grinder (D:6)
  7 dream sheep (Lair:3)
  Sigmund (D:3)
  3 culicivoras (Lair:3)
  2 wyverns
  A wraith (D:9)
  19 yaks
  A steam dragon (Lair:2)
  An acid dragon (D:9)
  3 cane toad zombies
  7 water moccasins
  A sky beast (D:6)
  5 orc warriors
  7 blink frog zombies
  2 black bears (D:5)
  12 wolves
  An ice beast (D:8)
  2 ogres
  A centaur (D:10)
  A kobold brigand (D:5)
  A rime drake zombie (Lair:2)
  A phantom (D:4)
  9 bullfrogs
  2 water moccasin zombies (Lair:1)
  A scorpion (D:6)
  17 wights
  A polar bear zombie (Lair:2)
  3 killer bees
  A water moccasin skeleton (D:4)
  17 yak zombies
  8 wolf zombies
  3 jellies
  2 quasits
  2 bullfrog zombies
  3 hounds
  6 orc priests
  Natasha (thrice) (D:2)
  2 iguanas
  6 orc wizards
  A killer bee zombie (D:4)
  2 ogre zombies (Orc:1)
  A howler monkey zombie (D:4)
  Robin (D:2)
  9 gnolls
  9 adders
  4 orc zombies
  4 shadow imps (D:4)
  7 white imps
  3 ufetubi
  An adder zombie (D:6)
  3 worms
  4 dart slugs
  28 orcs
  9 ball pythons
  8 endoplasms
  13 goblins
  9 hobgoblins
  16 jackals
  8 kobolds
  6 quokkas
  6 bats
  A frilled lizard (D:2)
  A gnoll zombie (D:6)
  4 rats
368 creatures vanquished.

Vanquished Creatures (collateral kills)
  A catoblepas (Lair:1)
  2 death yaks (Lair:3)
  A cane toad (Lair:3)
  A harpy zombie (Lair:3)
  2 blink frogs
  A culicivora (Lair:3)
  7 yaks
  2 wyverns (Lair:3)
  An ogre (Orc:1)
  7 wolves (Lair:1)
  A bullfrog (Lair:3)
  A wolf zombie (Lair:1)
  2 bullfrog zombies (Lair:3)
  2 goblins (D:2)
  A hobgoblin (D:2)
  2 jackals
34 creatures vanquished.

Vanquished Creatures (others)
  A harpy zombie (Lair:3)
  2 blink frog zombies
  2 dream sheep zombies (Lair:3)
  A komodo dragon zombie (Lair:3)
  A killer bee (D:8)
  2 yak zombies
  2 wolf zombies (Lair:1)
  8 demonic plants (D:4)
  6 fulminant prisms
  18 fungi
  6 plants
49 creatures vanquished.

Grand Total: 451 creatures vanquished

Table legend:
 A = Non-vault XP
 B = Vault XP
 C = Vault XP percentage of total XP
 D = Non-vault monster count
 E = Vault monster count
 F = Vault count percentage of total count
                 A         B        C        D         E       F
            +---------+---------+-------+---------+---------+-------
      Total |   35341 |    5555 |  13.6 |     297 |      47 |  13.7
            +---------+---------+-------+---------+---------+-------
        D:1 |      25 |       0 |   0.0 |      15 |       0 |   0.0
        D:2 |     220 |      65 |  22.8 |      36 |       9 |  20.0
        D:3 |      95 |     300 |  75.9 |      22 |       6 |  21.4
        D:4 |     191 |     889 |  82.3 |      25 |      13 |  34.2
        D:5 |     677 |       0 |   0.0 |      16 |       0 |   0.0
        D:6 |     594 |     267 |  31.0 |      18 |       1 |   5.3
        D:7 |     468 |       0 |   0.0 |      14 |       0 |   0.0
        D:8 |    1742 |       0 |   0.0 |      18 |       0 |   0.0
        D:9 |    2726 |     276 |   9.2 |      18 |       4 |  18.2
       D:10 |    2275 |       0 |   0.0 |      16 |       0 |   0.0
     Lair:1 |    7733 |    1085 |  12.3 |      34 |       7 |  17.1
     Lair:2 |    4612 |       0 |   0.0 |      15 |       0 |   0.0
     Lair:3 |   13567 |    2673 |  16.5 |      44 |       7 |  13.7
      Orc:1 |     416 |       0 |   0.0 |       6 |       0 |   0.0
            +---------+---------+-------+---------+---------+-------

Illustrated notes

Table legend:
 A = Kills in this place as a percentage of kills in the entire game.
 B = Kills by you in this place as a percentage of kills by you in the entire game.
 C = Kills by friends in this place as a percentage of kills by friends in the entire game.
 D = Other kills in this place as a percentage of other kills in the entire game.
 E = Experience gained in this place as a percentage of experience gained in the entire game.
 F = Experience gained in this place divided by the number of levels of this place that you have seen.
                   A       B       C       D       E      F
               +-------+-------+-------+-------+-------+----------------------
         Total | 100.0 | 100.0 | 100.0 | 100.0 | 100.0 | 2921.1
       Dungeon |  67.2 |  71.9 |  16.7 | 100.0 |  26.4 | 1081.0
          Lair |  31.1 |  26.5 |  80.0 |   0.0 |  72.5 | 9890.0
  Orcish Mines |   1.7 |   1.6 |   3.3 |   0.0 |   1.0 | 416.0
               +-------+-------+-------+-------+-------+----------------------

Table legend: (Time is in decaauts)
 A = Elapsed time spent in this place.
 B = Non-inter-level travel time spent in this place.
 C = Inter-level travel time spent in this place.
 D = Time resting spent in this place.
 E = Time spent auto-exploring this place.
 F = Levels seen in this place.
 G = Mean time per level.
                   A        B        C        D        E       F      G
               +--------+--------+--------+--------+--------+-----+--------+
         Total |  17302 |  16513 |    789 |   2369 |  11550 |  14 | 1235.9 |
       Dungeon |  12799 |  12198 |    601 |   1849 |   8466 |  10 | 1279.9 |
          Lair |   4367 |   4180 |    187 |    520 |   2980 |   3 | 1455.7 |
  Orcish Mines |    135 |    135 |      0 |      0 |    104 |   1 |  135.0 |
               +--------+--------+--------+--------+--------+-----+--------+

Top non-repeatable levels by time:
     D:3: 1851 daAuts
     D:9: 1721 daAuts
     D:2: 1711 daAuts
  Lair:1: 1530 daAuts
  Lair:2: 1435 daAuts
  Lair:3: 1401 daAuts
     D:6: 1302 daAuts
     D:4: 1229 daAuts
     D:8: 1096 daAuts
    D:10: 1013 daAuts
     D:7: 994 daAuts
     D:1: 957 daAuts
     D:5: 923 daAuts
   Orc:1: 135 daAuts
